 Dungeon Crawl Stone Soup version 0.18.1-48-g4cf74bf (webtiles) character file.

206 Gargoyl the Skirmisher (level 5, 0/42 HPs)
             Began as a Demonspawn Abyssal Knight on Aug 21, 2016.
             Was a Believer of Lugonu.
             Engulfed by ghwc's ghost's noxious fumes (3 damage)
             ... on level 3 of the Dungeon.
             The game lasted 00:06:35 (3291 turns).

Gargoyl the Skirmisher (Demonspawn Abyssal Knight)  Turns: 3291, Time: 00:06:36

Health: 0/42       AC: 17    Str: 13    XL:     5   Next: 53%
Magic:  7/7        EV:  9    Int: 16    God:    Lugonu [**....]
Gold:   75         SH:  0    Dex: 10    Spells: 0 memorised, 4 levels left

rFire  . . .     SeeInvis .     b - +0 war axe
rCold  . . .     Gourm    .     r - +0 scale mail
rNeg   . . .     Faith    .     (no shield)
rPois  .         Spirit   .     p - +0 helmet
rElec  .         Dismiss  .     (no cloak)
rCorr  .         Reflect  .     a - +0 pair of gloves {archery}
SustAt .         Harm     .     h - +0 pair of boots
MR     .....                    (no amulet)
Stlth  ..........               (no ring)
                                f - +2 ring of intelligence

@: not resistant to hostile enchantments, extremely unstealthy
A: rough black scales 2
a: Depart the Abyss, Bend Space, Renounce Religion


You were on level 3 of the Dungeon.
You worshipped Lugonu.
Lugonu was pleased with you.
You were not hungry.

You visited 1 branch of the dungeon, and saw 4 of its levels.
You visited the Abyss 1 time.

You collected 75 gold pieces.

Inventory:

Hand Weapons
 b - a +0 war axe (weapon)
Armour
 a - a +0 pair of gloves of archery (worn)
 h - a +0 pair of boots (worn)
 p - a +0 helmet (worn)
 r - a +0 scale mail (worn)
Jewellery
 f - a +2 ring of intelligence (left hand)
Scrolls
 m - 2 scrolls of identify
 o - a scroll of fear {unknown}
 t - a scroll of enchant weapon
Comestibles
 c - a bread ration
 k - a meat ration


   Skills:
 + Level 4.1 Fighting
 + Level 2.6 Axes
 * Level 2.8 Armour
 + Level 2.8 Dodging
 + Level 0.2 Stealth
 + Level 2.7 Invocations


You had 4 spell levels left.
You didn't know any spells.

Dungeon Overview and Level Annotations

Branches:
Dungeon (4/15)
 Temple: D:4-7

Altars:
Ashenzari
Dithmenos
Okawaru
Zin

Annotations:
D:3 Grinder; ghwc's ghost, amateur DsVM


Innate Abilities, Weirdness & Mutations

You are mostly covered in rough black scales (AC +7, Dex -2).


Message History

The dart slug launches a dart at you. The slug dart misses you.
You hit the dart slug.
The dart slug is lightly wounded.
The dart slug bites you but does no damage.
Ghwc's ghost turns its malevolent gaze towards you.
You hit the dart slug.
The dart slug is heavily wounded.
The dart slug bites you but does no damage.
You hit the dart slug.
The dart slug is almost dead.
Ghwc's ghost gestures at you while chanting.
The ball explodes into a vile cloud!
The stinking cloud engulfs you!
The dart slug bites you but does no damage.
You hear a shout!
You slash the dart slug!
You kill the dart slug!
Lugonu accepts your kill.
You are engulfed in noxious fumes.
You die...

...........# #># #)# #.# #
#.# .# #.####.####
#..†.......
...#######...####. #######
#...W...§@.....# .##......
##.#######†..#......>###.#
##.## .###...##.# .#
###....h5# .# #.......# .#
.....5_.# .# ...5...§. .#
....⌠.... .# .........


You could see ghwc's ghost.

Vanquished Creatures
  An orc priest (D:3)
  An orc wizard (D:2)
  Natasha (D:2)
  Robin (D:2)
  3 adders
  An ooze (D:2)
  2 worms (D:2)
  2 dart slugs
  4 giant geckos
  2 orcs
  A ball python (D:2)
  2 giant cockroaches (D:1)
  10 hobgoblins
  8 kobolds
  2 quokkas (D:2)
  5 bats
  4 giant newts
  14 goblins
  6 rats
70 creatures vanquished.

Vanquished Creatures (others)
  A kobold (D:2)
  A lurking horror (Abyss:1)
2 creatures vanquished.

Grand Total: 72 creatures vanquished

Notes
Turn   | Place    | Note
--------------------------------------------------------------
     0 | Abyss:1  | Gargoyl the Demonspawn Abyssal Knight began the quest for the Orb.
     0 | Abyss:1  | Reached XP level 1. HP: 18/18 MP: 2/2
    41 | Abyss:1  | Noticed a small abomination
   112 | Abyss:1  | Noticed a chaos spawn
   128 | Abyss:1  | Noticed an ancient zyme
   147 | Abyss:1  | Noticed a demonic crawler
   151 | D:1      | Escaped the Abyss
   680 | D:1      | Gained mutation: You are partially covered in rough black scales (AC +4, Dex -1). [demonic ancestry]
   680 | D:1      | Reached XP level 2. HP: 20/24 MP: 3/3
   772 | D:1      | Reached * piety under Lugonu
   818 | D:1      | Reached skill level 1 in Dodging
   881 | D:1      | Found a shattered altar of Ashenzari.
  1313 | D:2      | Noticed Robin
  1317 | D:2      | Gained mutation: You are mostly covered in rough black scales (AC +7, Dex -2). [demonic ancestry]
  1317 | D:2      | Reached XP level 3. HP: 29/29 MP: 4/4
  1345 | D:2      | Killed Robin
  1825 | D:2      | Reached XP level 4. HP: 29/37 MP: 6/6
  2067 | D:2      | Reached ** piety under Lugonu
  2067 | D:2      | Reached skill level 4 in Fighting
  2102 | D:2      | Found an iron altar of Okawaru.
  2466 | D:3      | Found a shadowy altar of Dithmenos.
  2783 | D:3      | Reached XP level 5. HP: 17/42 MP: 7/7
  2968 | D:3      | Noticed Grinder
  2969 | D:3      | Paralysed by Grinder for 2 turns
  2978 | D:3      | Found a glowing silver altar of Zin.
  2979 | D:3      | Noticed Natasha
  3024 | D:2      | Killed Natasha
  3252 | D:3      | Noticed ghwc's ghost (amateur DsVM)
  3279 | D:3      | HP: 2/42 [goblin/club (1)]
  3291 | D:3      | Engulfed by ghwc's ghost's noxious fumes

Skill      XL: |  1  2  3  4 |
---------------+-------------+-----
Axes           | 2 |  2.6
Dodging        | 1 2 |  2.8
Armour         | 2 |  2.8
Fighting       | 4 |  4.1
Stealth        | |  0.2
Invocations    | |  2.7

Action                   |  1- 3 |  4- 6 || total
-------------------------+-------+-------++-------
Melee: Hand axe          |   146 |    86 ||   232
       War axe           |       |    49 ||    49
Invok: Depart the Abyss  |     1 |       ||     1
  Use: Potion            |     1 |     5 ||     6
       Scroll            |       |     5 ||     5
  Eat: Chunk             |     4 |     2 ||     6
       Bread ration      |       |     1 ||     1
Armor: Leather armour    |    71 |    46 ||   117
       Scale mail        |       |    36 ||    36
Dodge: Dodged            |   115 |   106 ||   221
